 Dungeon Crawl Stone Soup version 0.21.0-3-g78d12a8 (webtiles) character file.

1408 mopl the Martial Artist (level 8, -2/67 HPs)
             Began as a Barachi Transmuter on Jan 9, 2018.
             Slain by an orc warrior
             ... wielding a +0 halberd
              (10 damage)
             ... on level 6 of the Dungeon.
             The game lasted 00:09:20 (4961 turns).

mopl the Martial Artist (Barachi Transmuter)        Turns: 4961, Time: 00:09:20

Health: -2/67      AC: 10    Str: 12    XL:     8   Next: 70%
Magic:  10/12      EV: 10    Int: 16    God:
Gold:   293        SH:  0    Dex: 12    Spells: 3/13 levels left

rFire    x . .     SeeInvis +     - Unarmed
rCold    + + +     Gourm    +   (shield currently unavailable)
rNeg     . . .     Faith    .   (armour currently unavailable)
rPois    +         Spirit   .   (helmet currently unavailable)
rElec    .         Reflect  .   (cloak currently unavailable)
rCorr    .         Harm     .   (gloves currently unavailable)
MR       .....                  (boots currently unavailable)
Stlth    +.........             A - amulet of the gourmand
HPRegen  0.21/turn              n - +4 ring of protection {=R}
MPRegen  0.13/turn              y - ring of see invisible

@: ice-form, hasted, very quick
A: large, +LOS, swims
a: End Transformation


You were on level 6 of the Dungeon.
You were completely stuffed.
You were a creature of crystalline ice.
You visited 1 branch of the dungeon, and saw 6 of its levels.

You collected 293 gold pieces.

Inventory:

Hand Weapons
 p - a +2 dagger of venom (melded)
 q - a +2 dagger of draining
Missiles
 a - 78 arrows
 m - 5 poisoned needles
 o - 8 javelins (quivered)
Armour
 b - a +0 robe (melded)
 i - a +0 helmet (melded)
 k - a +0 buckler
 r - a +0 pair of gloves (melded)
Magical Staves
 G - a cursed staff of death
Jewellery
 n - a +4 ring of protection (left front paw) {=R}
 y - a ring of see invisible (right front paw)
 A - an amulet of the gourmand (around neck)
 B - an uncursed ring of fire
Wands
 j - a wand of flame (21)
Scrolls
 e - 2 scrolls of teleportation
 f - 2 scrolls of fog
 u - 2 scrolls of fear {unknown}
 v - 2 scrolls of enchant weapon {unknown}
 x - a scroll of remove curse {unknown}
 D - a scroll of magic mapping {unknown}
 E - a scroll of blinking {unknown}
 F - a scroll of enchant armour {unknown}
Potions
 g - 2 potions of lignification {unknown}
 h - a potion of haste
 l - 4 potions of curing {unknown}
 s - a potion of mutation {unknown}
 t - 2 potions of berserk rage {unknown}
 w - a potion of degeneration {unknown}
 z - a potion of might
 C - a potion of heal wounds {unknown}
 H - a potion of flight {unknown}
 I - a potion of brilliance
Books
 c - a book of Changes

   Spells                             Type                      Level
   a - Beastly Appendage              Transmutation                1
   b - Sticks to Snakes               Transmutation                2
   c - Spider Form                    Transmutation/Poison         3
   d - Ice Form                       Ice/Transmutation            4
   e - Blade Hands                    Transmutation                5
Comestibles
 d - 10 rations
 J - 2 chunks of flesh


   Skills:
 + Level 2.0 Fighting
 + Level 2.6 Dodging
 * Level 9.0 Unarmed Combat
 - Level 3.0 Spellcasting
 + Level 6.2 Transmutations
 - Level 3.1 Ice Magic
 - Level 2.1 Poison Magic


You had 3 spell levels left.
You knew the following spells:

 Your Spells              Type           Power        Failure   Level  Hunger
a - Beastly Appendage     Tmut           ###...       1%          1    #......
b - Spider Form           Tmut/Pois      ###.......   10%         3    ###....
d - Ice Form              Ice/Tmut       ###.....     26%         4    #####..
w - Sticks to Snakes      Tmut           ###.....     2%          2    ##.....


Dungeon Overview and Level Annotations

Branches:
Dungeon (6/15)
 Temple: D:4-7

Altars:
Ashenzari
Dithmenos
Elyvilon
Makhleb
Sif Muna
Uskayaw
Zin


Innate Abilities, Weirdness & Mutations

Shadows flee at your approach. (+LOS)
You can swim through water.
((You cover ground slowly.))
((You can hop short distances.))


Message History

You pummel the orc!! You freeze the orc.
You kill the orc!
The orc priest invokes the aid of Beogh against you.
Beogh smites you!
The orc warrior hits you with a halberd!
You are too injured to fight recklessly!
You are too injured to fight recklessly!
You are too injured to fight recklessly!
You completely miss the orc warrior.
Unknown command.
You completely miss the orc warrior.
The orc warrior hits you but does no damage.
You barely miss the orc warrior.
The orc warrior hits you with a halberd!!
* * * LOW HITPOINT WARNING * * *
You hit the orc warrior but do no damage.
Unknown command.
You feel yourself speed up.
The orc warrior hits you with a halberd!
You die...

#.# #.# #
#.####.#..
#.........
#....!ooo. #.#
#o# #o#
######Y#######
#.....)......#
#.####.#####.#
###.# #.#
#...####.# .#
#.#......# 8#
#...####.# .#
##..# ##.# .#
# ##.# #..# .#
.###


You could see an orc warrior and an orc priest.

Vanquished Creatures
  An ice beast (D:4)
  A necrophage (D:5)
  2 ogres
  A phantom (D:5)
  The ghost of Aviak the Skirmisher, an amateur OpAK of Lugonu (D:3)
  2 centaurs (D:5)
  2 scorpions
  A bullfrog zombie (D:5)
  2 jellies (D:6)
  2 orc priests
  2 centaur skeletons (D:5)
  3 hounds
  2 orc wizards
  A bullfrog skeleton (D:4)
  4 worker ants
  The ghost of dscm the Grave Robber, a weakling DsNe (D:4)
  A hound zombie (D:5)
  2 adders
  A shadow imp (D:6)
  3 oozes
  A worm (D:2)
  3 dart slugs
  3 leopard geckos
  13 orcs
  2 ball pythons
  4 giant cockroaches
  12 goblins
  9 hobgoblins
  6 jackals
  2 quokkas
  12 bats
  8 frilled lizards
  5 kobolds
  A leopard gecko skeleton (D:5)
  8 rats
124 creatures vanquished.

Notes
Turn   | Place    | Note
-------+----------+-------------------------------------------
     0 | D:1      | mopl the Barachi Transmuter began the quest for the Orb.
     0 | D:1      | Reached XP level 1. HP: 15/15 MP: 3/3
   126 | D:1      | Reached XP level 2. HP: 21/21 MP: 3/5
   135 | D:1      | Learned a level 2 spell: Sticks to Snakes
   172 | D:1      | Reached skill level 4 in Unarmed Combat
   291 | D:1      | Reached XP level 3. HP: 18/26 MP: 6/6
   389 | D:1      | Learned a level 3 spell: Spider Form
   459 | D:1      | Reached skill level 3 in Transmutations
   891 | D:2      | Reached XP level 4. HP: 27/32 MP: 3/7
   992 | D:2      | Found a hide-covered altar of Uskayaw.
  1053 | D:3      | Reached skill level 1 in Poison Magic
  1080 | D:3      | Noticed Aviak's ghost (amateur OpAK)
  1199 | D:3      | Killed Aviak's ghost
  1199 | D:3      | Reached skill level 5 in Unarmed Combat
  1199 | D:3      | Reached XP level 5. HP: 36/37 MP: 5/8
  1741 | D:3      | Reached skill level 2 in Poison Magic
  2030 | D:4      | Noticed dscm's ghost (weakling DsNe)
  2037 | D:4      | Killed dscm's ghost
  2037 | D:4      | Reached XP level 6. HP: 30/43 MP: 5/9
  2226 | D:4      | Noticed an ice beast
  2240 | D:4      | Found a white marble altar of Elyvilon.
  2244 | D:4      | Found a shadowy altar of Dithmenos.
  2244 | D:4      | Found a deep blue altar of Sif Muna.
  2247 | D:4      | Found a shattered altar of Ashenzari.
  2248 | D:4      | Found a glowing silver altar of Zin.
  2267 | D:4      | Killed an ice beast
  2267 | D:4      | Reached skill level 6 in Unarmed Combat
  2267 | D:4      | Reached skill level 4 in Transmutations
  2346 | D:4      | Reached skill level 3 in Spellcasting
  2560 | D:4      | Learned a level 4 spell: Ice Form
  2743 | D:4      | Reached skill level 1 in Ice Magic
  2743 | D:4      | Reached XP level 7. HP: 48/48 MP: 7/11
  3293 | D:5      | Entered Level 5 of the Dungeon
  3391 | D:5      | Reached skill level 7 in Unarmed Combat
  3391 | D:5      | Reached skill level 2 in Ice Magic
  3419 | D:5      | Reached skill level 5 in Transmutations
  3459 | D:5      | HP: 2/57 [poisoned by a worker ant]
  3860 | D:5      | Reached XP level 8. HP: 54/54 MP: 7/12
  3890 | D:5      | Reached skill level 3 in Ice Magic
  4038 | D:5      | Reached skill level 8 in Unarmed Combat
  4043 | D:5      | Found a shattered altar of Ashenzari.
  4112 | D:5      | Found a burning altar of Makhleb.
  4489 | D:5      | Reached skill level 6 in Transmutations
  4951 | D:6      | Reached skill level 9 in Unarmed Combat
  4954 | D:6      | Reached skill level 2 in Fighting
  4961 | D:6      | Slain by an orc warrior

Skill      XL: |  1  2  3  4  5  6  7  8 |
---------------+-------------------------+-----
Unarmed Combat | 4 5 6 7 9 |  9.0
Transmutations | 3 4 5 6 |  6.2
Poison Magic   | 1 2 |  2.1
Spellcasting   | 3 |  3.0
Ice Magic      | 1 2 3 |  3.1
Fighting       | 2 |  2.0
Dodging        | |  2.6

Action                   |  1- 3 |  4- 6 |  7- 9 || total
-------------------------+-------+-------+-------++-------
Melee: Unarmed           |   119 |    49 |    99 ||   267
       Headbutt          |     3 |       |       ||     3
       Kick              |    11 |     8 |       ||    19
       Dagger            |       |    91 |    56 ||   147
       Punch             |       |     2 |     3 ||     5
Throw: Javelin           |       |     2 |     3 ||     5
 Cast: Beastly Appendage |    13 |     4 |       ||    17
       Spider Form       |     4 |     5 |     6 ||    15
       Sticks to Snakes  |       |     2 |       ||     2
       Ice Form          |       |       |     5 ||     5
  Use: Scroll            |       |       |     5 ||     5
       Potion            |       |       |     1 ||     1
 Stab: Sleeping          |     1 |     3 |       ||     4
  Eat: Chunk             |     1 |    10 |    16 ||    27
       Ration            |       |       |     1 ||     1
Armor: Robe              |    41 |    52 |    18 ||   111
       Skin              |     2 |     3 |    20 ||    25
Dodge: Dodged            |   111 |    80 |   102 ||   293
